 Dungeon Crawl Stone Soup version 0.27.0-1-g7a089689b8 (webtiles) character file.

Game seed: 10532767136149848548

60 sanka the Ogre Mage (level 4, -1/41 HPs)
             Began as an Ogre Transmuter on Aug 8, 2021.
             Slain by a gnoll (3 damage)
             ... on level 2 of the Dungeon.
             The game lasted 00:02:34 (1524 turns).

sanka the Ogre Mage (Ogre Transmuter)               Turns: 1524, Time: 00:02:34

Health: -1/41      AC:  5    Str: 14    XL:     4   Next: 6%
Magic:  3/8        EV:  9    Int: 15    God:
Gold:   18         SH:  0    Dex:  9    Spells: 5/9 levels left

rFire    . . .     SeeInvis .     - Unarmed
rCold    . . .     Faith    .   (no shield)
rNeg     . . .     Spirit   .   a - +0 robe
rPois    .         Reflect  .   (helmet restricted)
rElec    .         Harm     .   e - +1 cloak
rCorr    .         Rampage  .   (gloves unavailable)
Will     .....                  (boots unavailable)
Stlth    +.........             (no amulet)
HPRegen  0.13/turn              (no ring)
MPRegen  0.11/turn              (no ring)

@: very slow
A: large, unfitting armour, tough skin 1
a: no special abilities


You were on level 2 of the Dungeon.
You visited 1 branch of the dungeon, and saw 2 of its levels.

You collected 18 gold pieces.


Innate Abilities, Weirdness & Mutations

You are too large for most types of armour.
You have tough skin. (AC +1)


   Skills:
 - Level 1.3 Fighting
 - Level 1.7 Dodging
 - Level 2.6 Unarmed Combat
 - Level 3.0 Spellcasting
 + Level 2.8 Transmutations
 + Level 1.9 Poison Magic


You had 5 spell levels left.
You knew the following spells:

 Your Spells              Type           Power      Damage    Failure   Level
x - Spider Form           Tmut/Pois      4%         N/A       22%         3
z - Beastly Appendage     Tmut           20%        N/A       6%          1

Your spell library contained the following spells:

 Spells                   Type           Power      Damage    Failure   Level
 Wereblood                Tmut           10%        N/A       10%         2
 Ice Form                 Ice/Tmut       6%         N/A       75%         4

Inventory:

Armour
 a - a +0 robe (worn)
 e - a +1 cloak (worn)
Scrolls
 c - a scroll of enchant armour {unknown}
 d - a scroll of magic mapping {unknown}
 f - a scroll of amnesia {unknown}
Potions
 b - a potion of resistance {unknown}

Dungeon Overview and Level Annotations

Branches:
Dungeon (2/15)

Altars:

▒..<÷....▒.▒
▒........▒.▒ ▒▒▒▒
▒.)......▒>. ▒
...▒▒▒▒.▒▒▒▒▒▒▒▒▒
▒≈♣ ... ▒)▒ ♣≈.
.. ▒.▒
♣♣≈..♣≈▒▒▒.▒
♣≈≈..≈≈♣g..▒
≈P...≈≈O♣♣♣▒
≈≈....≈≈≈≈P♣
≈≈..≈≈P≈≈≈≈≈▒
P≈...≈≈≈≈≈≈♣▒
≈≈..≈♣≈≈≈≈♣♣
≈....P≈≈≈≈≈ ≈...
≈P≈≈≈≈♣
P≈..≈P≈≈J≈≈▒


You could see a gnoll (poisoned) and an endoplasm (asleep).


Message History

A gnoll comes into view. It is wielding a +0 whip.
The gnoll closely misses you.
Unknown command.
Your transformation is almost over.
The gnoll shouts!
Your magical contamination has completely faded away.
The gnoll barely misses you. The gnoll misses you.
You kill the gnoll!
You hit the gnoll but do no damage.
The gnoll looks even sicker.
The gnoll is heavily wounded.
The gnoll barely misses you.
You bite the gnoll!
You kill the gnoll!
You have reached level 4!
You hit the gnoll.
The gnoll is poisoned.
The gnoll is moderately wounded.
The gnoll hits you with a +0 whip!
* * * LOW HITPOINT WARNING * * *
You barely miss the gnoll.
The gnoll is moderately wounded.
The gnoll hits you with a +0 whip.
* * * LOW HITPOINT WARNING * * *
Your transformation has ended.
You enter the shallow water.
An endoplasm comes into view.
The gnoll hits you with a +0 whip.
You die...

Action                   |  1- 3 |  4- 6 || total
-------------------------+-------+-------++-------
Melee: Unarmed           |    96 |     2 ||    98
       Kick              |    11 |       ||    11
       Headbutt          |     6 |       ||     6
 Cast: Beastly Appendage |    20 |       ||    20
       Spider Form       |     1 |       ||     1
Armor: Robe              |    35 |       ||    35
Dodge: Dodged            |    41 |       ||    41

Levels and vault maps discovered:
D:1:      wander_arrival_lonely_grave, layout_loops_corners,
          ebering_ecumenical_altar_hall, minmay_3d_cube
D:2:      layout_basic, serial_bayou_ford_a, minmay_octomino_j4

Notes
Turn   | Place    | Note
-------+----------+-------------------------------------------
     0 | D:1      | sanka the Ogre Transmuter began the quest for the Orb.
     0 | D:1      | Reached XP level 1. HP: 19/19 MP: 3/3
    46 | D:1      | Found a faded altar of an unknown god.
   242 | D:1      | Reached skill level 2 in Transmutations
   261 | D:1      | Reached XP level 2. HP: 26/27 MP: 3/5
   598 | D:1      | Reached skill level 1 in Poison Magic
   818 | D:1      | Reached skill level 3 in Spellcasting
   931 | D:1      | Reached XP level 3. HP: 33/33 MP: 5/7
  1504 | D:1      | Learned a level 3 spell: Spider Form
  1519 | D:2      | Reached XP level 4. HP: 12/41 MP: 2/8
  1520 | D:2      | HP: 2/41 [gnoll (4)]
  1524 | D:2      | Slain by a gnoll

Vanquished Creatures
  2 gnolls (D:2)
  An adder (D:2)
  6 ball pythons
  An endoplasm (D:1)
  4 giant cockroaches
  A hobgoblin (D:1)
  7 jackals (D:1)
  A quokka (D:1)
  2 bats (D:1)
  3 frilled lizards (D:1)
  A kobold (D:1)
  2 rats (D:1)
31 creatures vanquished.
